 Dungeon Crawl Stone Soup version 0.21.0-3-g78d12a8 (webtiles) character file.

116 Inarius the Chiller (level 4, 0/34 HPs)
             Began as a Draconian Ice Elementalist on Jan 9, 2018.
             Killed from afar by an orc wizard (5 damage)
             ... with a puff of flame
             ... on level 3 of the Dungeon.
             The game lasted 00:05:09 (1909 turns).

Inarius the Chiller (Draconian Ice Elementalist)    Turns: 1909, Time: 00:05:11

Health: 0/34       AC:  6    Str: 11    XL:     4   Next: 70%
Magic:  8/8        EV: 12    Int: 16    God:
Gold:   112        SH:  0    Dex: 11    Spells: 4/8 levels left

rFire    + . .     SeeInvis .   r - -1 whip (curse)
rCold    . . .     Gourm    .   (no shield)
rNeg     . . .     Faith    .   (armour unavailable)
rPois    .         Spirit   .   (helmet restricted)
rElec    .         Reflect  .   h - +0 cloak
rCorr    .         Harm     .   (no gloves)
MR       .....                  (no boots)
Stlth    +.........             (no amulet)
HPRegen  0.11/turn              e - ring of flight
MPRegen  0.11/turn              q - ring of protection from fire

@: confused
A: unfitting armour, cold-blooded, AC +5
a: Evoke Flight


You were on level 3 of the Dungeon.
You were not hungry.

You visited 1 branch of the dungeon, and saw 3 of its levels.

You collected 112 gold pieces.

Inventory:

Hand Weapons
 j - a +0 short sword
 m - a cursed -3 short sword
 r - a cursed -1 whip (weapon)
 s - a +3 long sword
Armour
 h - a +0 cloak (worn)
Jewellery
 e - a ring of flight (left hand)
 q - a ring of protection from fire (right hand)
Wands
 o - a wand of acid (2)
Scrolls
 i - 2 scrolls of teleportation
 k - a scroll of amnesia
Potions
 c - a potion of brilliance {unknown}
 d - a potion of might
 f - a potion of heal wounds {unknown}
 g - a potion of ambrosia
 n - a potion of resistance {unknown}
 p - a potion of lignification {unknown}
Books
 a - a book of Frost

   Spells                             Type                      Level
   a - Freeze                         Ice                          1
   b - Throw Frost                    Conjuration/Ice              2
   c - Ozocubu's Armour               Charms/Ice                   3
   d - Throw Icicle                   Conjuration/Ice              4
   e - Summon Ice Beast               Ice/Summoning                4
Comestibles
 b - 4 rations


   Skills:
 + Level 0.5 Fighting
 + Level 2.2 Dodging
 - Level 1.7 Stealth
 + Level 2.7 Spellcasting
   Level 1.0 Conjurations
 * Level 0.4 Charms
 * Level 4.6 Ice Magic


You had 4 spell levels left.
You knew the following spells:

 Your Spells              Type           Power        Failure   Level  Hunger
a - Freeze                Ice            ###.         2%          1    #......
b - Ozocubu's Armour      Chrm/Ice       ##......     21%         3    ###....


Dungeon Overview and Level Annotations

Branches:
Dungeon (3/15)

Altars:


Innate Abilities, Weirdness & Mutations

Your plain brown scales are hard. (AC +5)
You cannot fit into any form of body armour.
You are cold-blooded and may be slowed by cold attacks.


Message History

You are more confused.
You feel invigorated. The orc priest hits you with a dagger.
* * * LOW HITPOINT WARNING * * *
Something hits you.
* * * LOW HITPOINT WARNING * * *
You bump into the rock wall.
Something hits you but does no damage.
The orc priest hits you but does no damage.
You hit the orc priest.
The orc priest is almost dead.
Something hits you but does no damage.
The orc priest invokes the aid of Beogh against you.
Beogh smites you!
* * * LOW HITPOINT WARNING * * *
You're too confused to move!
You feel less invigorated. Something hits you but does no damage.
The orc priest hits you with a dagger.
* * * LOW HITPOINT WARNING * * *
You hear some strange, mumbled words.
A puff of flame appears from out of thin air!
The puff of flame hits you! You resist.
You die...

######## #..#
#..## #...#
......#.##
...#..#..#
.....#.##.#######
######. #.......#
#. ##.####.# #.
#@## #{o# ##.#
#........
##.#....# .# ...#
.# ..# .. .# #. #


You could see an orc priest.

Vanquished Creatures
  Ijyb (D:3)
  4 adders (D:2)
  A worm (D:2)
  4 leopard geckos
  3 goblins
  5 hobgoblins
  4 jackals (D:2)
  A quokka (D:2)
  A ball python (D:2)
  10 bats
  5 frilled lizards
  8 kobolds
  5 rats
52 creatures vanquished.

Notes
Turn   | Place    | Note
-------+----------+-------------------------------------------
     0 | D:1      | Inarius the Draconian Ice Elementalist began the quest for the Orb.
     0 | D:1      | Reached XP level 1. HP: 14/14 MP: 3/3
   131 | D:1      | Reached XP level 2. HP: 17/20 MP: 3/5
   798 | D:2      | Reached XP level 3. HP: 24/26 MP: 1/6
   859 | D:2      | Reached skill level 4 in Ice Magic
   941 | D:2      | Learned a level 3 spell: Ozocubu's Armour
  1200 | D:2      | Reached XP level 4. HP: 34/34 MP: 7/7
  1571 | D:3      | Noticed Ijyb
  1588 | D:3      | Killed Ijyb
  1909 | D:3      | Killed from afar by an orc wizard

Skill      XL: |  1  2  3 |
---------------+----------+-----
Dodging        | 2 |  2.2
Ice Magic      | 4 |  4.6
Fighting       | |  0.5
Stealth        | |  1.7
Spellcasting   | |  2.7
Conjurations   | |  1.0
Charms         | |  0.4

Action                   |  1- 3 |  4- 6 || total
-------------------------+-------+-------++-------
Melee: Dagger            |    13 |       ||    13
       Tailslap          |     6 |     1 ||     7
       Short sword       |    34 |     2 ||    36
       Whip              |       |    40 ||    40
 Cast: Freeze            |    42 |    23 ||    65
  Use: Scroll            |       |     4 ||     4
       Potion            |       |     2 ||     2
 Stab: Sleeping          |     4 |       ||     4
  Eat: Chunk             |     2 |     2 ||     4
Armor: Skin              |    22 |    34 ||    56
Dodge: Dodged            |    66 |    58 ||   124
